AoeStats
← RaZeeeeK

Arena

510210155Analyzed
3v3 RM · 3d ago on Sep 30, 2026· 55m 18s· 6 players
Game mode
Random Map
Map size
Normal (6 player)
Population
200
Speed
Normal
Resources
Standard
Victory
Conquest
Starting age
Dark Age
Ending age
Imperial Age
RankedLock teamsTeams togetherTeam positionsShared explorationLock speedFull tech treeHidden civsTurbo modeCheats
Victory
Defeat
🇨🇱 Burgundians · Chile
1396
+15
🇨🇱 Britons · Chile
1313
+18
🇨🇱 Spanish · Chile
1285
+19
🇨🇴 Persians · Colombia
1391
-19
🇨🇱 Bohemians · Chile
1353
-17
🇵🇪 Italians · Peru
1332
-16
TioNachoooi
10:30 Feudal Age
14:16 Castle Age
13:45 Double-Bit Axe
16:33 Horse Collar
17:26 Fervor
24:21 Padded Archer Armor
30:02 Imperial Age
27:23 Loom
28:46 Leather Archer Armor
28:33 Heavy Plow
28:44 Bow Saw
29:43 Wheelbarrow
28:59 Gold Mining
31:07 Conscription
32:11 Ring Archer Armor
32:17 Elite Conquistador
35:46 Scale Barding Armor
35:44 Husbandry
35:54 Bloodlines
36:08 Light Cavalry
37:02 Hussar
39:43 Chain Barding Armor
39:37 Forging
43:28 Iron Casting
45:51 Blast Furnace
45:30 Plate Barding Armor
47:39 Fletching
48:33 Hand Cart
49:31 Hand Cart
49:06 Elite Skirmisher
50:36 Bodkin Arrow
52:14 Thumb Ring
52:11 Bracer
52:34 Masonry
Dua Loopa [TsO]
10:11 Feudal Age
14:10 Castle Age
13:02 Double-Bit Axe
13:18 Horse Collar
23:13 Wheelbarrow
23:49 Bow Saw
24:44 Fletching
24:55 Padded Archer Armor
27:32 Imperial Age
25:26 Bodkin Arrow
26:13 Ballistics
27:37 Leather Archer Armor
27:37 Pikeman
27:51 Elite Skirmisher
30:20 Bracer
38:42 Chemistry
38:46 Hand Cart
38:18 Loom
38:57 Crossbowman
40:17 Heavy Plow
40:30 Arbalester
43:13 Ring Archer Armor
43:00 Gold Mining
48:32 Yeomen
49:33 Gold Shaft Mining
48:44 Town Watch
53:53 Light Cavalry
54:34 Husbandry
54:43 Scale Barding Armor
54:48 Forging
RaZeeeeK
3:02 Double-Bit Axe
3:23 Loom
4:08 Loom
7:58 Horse Collar
10:59 Feudal Age
14:56 Castle Age
13:16 Bow Saw
13:10 Heavy Plow
13:47 Bow Saw
18:30 Two-Man Saw
19:30 Two-Man Saw
19:48 Loom
22:43 Wheelbarrow
23:40 Crop Rotation
24:26 Hand Cart
24:03 Gold Mining
25:43 Sanctity
28:18 Imperial Age
25:51 Husbandry
25:55 Loom
26:40 Fervor
26:49 Stone Mining
27:35 Gold Shaft Mining
26:34 Cavalier
28:00 Scale Barding Armor
28:45 Forging
29:01 Chain Barding Armor
30:09 Iron Casting
31:15 Plate Barding Armor
32:38 Stone Shaft Mining
31:38 Paladin
32:48 Capped Ram
34:06 Conscription
35:06 Blast Furnace
36:28 Chemistry
35:42 Masonry
36:58 Fletching
38:51 Bodkin Arrow
39:37 Ballistics
39:41 Bracer
39:48 Burgundian Vineyards
39:56 Scale Mail Armor
40:28 Block Printing
39:43 Pikeman
40:24 Squires
40:58 Chain Mail Armor
40:44 Arson
42:19 Architecture
42:17 Redemption
43:04 Hoardings
43:51 Plate Mail Armor
48:09 Guilds
50:23 Padded Archer Armor
50:06 Treadmill Crane
50:38 Fortified Wall
50:25 Murder Holes
52:53 Coinage
52:24 Caravan
Amaterasu
11:05 Feudal Age
12:10 Double-Bit Axe
15:01 Castle Age
15:13 Loom
15:23 Town Watch
15:56 Bow Saw
16:08 Horse Collar
19:19 Heavy Plow
25:54 Imperial Age
23:51 Fortified Wall
24:34 Fletching
25:40 Bodkin Arrow
26:29 Ballistics
27:27 Gold Mining
30:27 Bracer
30:40 Masonry
31:34 Chemistry
32:14 Stone Mining
38:27 Padded Archer Armor
38:53 Conscription
39:48 Wheelbarrow
44:17 Hoardings
44:25 Leather Archer Armor
50:28 Elite Skirmisher
51:13 Thumb Ring
53:25 Ring Archer Armor
Gott_Uncle
10:55 Feudal Age
14:51 Castle Age
13:07 Double-Bit Axe
14:28 Horse Collar
17:12 Fervor
17:46 Bow Saw
21:41 Wheelbarrow
21:23 Atonement
21:40 Town Watch
22:33 Heavy Plow
23:37 Sanctity
23:54 Loom
25:23 Fletching
30:19 Imperial Age
29:15 Chemistry
28:56 Hand Cart
29:39 Bodkin Arrow
29:45 Padded Archer Armor
31:02 Bracer
31:27 Block Printing
31:54 Leather Archer Armor
31:39 Elite Skirmisher
33:42 Two-Man Saw
33:28 Ring Archer Armor
34:08 Ballistics
33:41 Houfnice
34:23 Guard Tower
34:45 Devotion
36:22 Pikeman
37:04 Squires
37:15 Forging
37:06 Scale Mail Armor
37:17 Halberdier
38:51 Iron Casting
39:12 Masonry
40:47 Town Patrol
42:01 Blast Furnace
41:16 Chain Mail Armor
41:21 Siege Engineers
43:36 Fortified Wall
44:02 Keep
46:37 Bombard Tower
Teuto
11:03 Feudal Age
13:21 Loom
13:22 Town Watch
13:36 Double-Bit Axe
14:09 Horse Collar
14:43 Forging
17:25 Castle Age
15:32 Gold Mining
15:53 Scale Barding Armor
17:26 Bloodlines
18:20 Heavy Plow
21:32 Town Watch
23:45 Wheelbarrow
24:08 Chain Barding Armor
24:49 Husbandry
26:17 Iron Casting
27:20 Bow Saw
34:01 Hand Cart
39:39 Imperial Age
39:40 Heavy Camel Rider
41:31 Plate Barding Armor
43:17 Blast Furnace
42:51 Coinage
42:21 Caravan
46:22 Light Cavalry
48:05 Padded Archer Armor
47:56 Fletching
48:28 Ballistics
49:08 Chemistry
48:46 Thumb Ring
48:03 Crossbowman
49:14 Masonry
49:11 Kamandaran
50:31 Elite Skirmisher
51:08 Bodkin Arrow
51:29 Leather Archer Armor
Connection lost

Rejoining the realm…

Still unreachable

The connection could not be restored.

Session expired

The server has moved on; the page needs a fresh start.